 Dungeon Crawl Stone Soup version 0.21.1-1-g345015f (webtiles) character file.

177 Fang the Chopper (level 5, 0/33 HPs)
             Began as a Gargoyle Berserker on May 11, 2018.
             Was a Priest of Trog.
             Slain by a worker ant (1 damage)
             ... on level 4 of the Dungeon.
             The game lasted 00:07:01 (3392 turns).

Fang the Chopper (Gargoyle Berserker)               Turns: 3392, Time: 00:07:01

Health: 0/33       AC:  8    Str: 22    XL:     5   Next: 57%
Magic:  5/5        EV: 12    Int:  7    God:    Trog [***...]
Gold:   170        SH:  0    Dex:  9    Spells: 4/4 levels left

rFire    + . .     SeeInvis .   a - +0 hand axe
rCold    + . .     Gourm    .   (no shield)
rNeg     + . .     Faith    +   b - +2 animal skin
rPois    ∞         Spirit   .   (no helmet)
rElec    +         Reflect  .   (no cloak)
rCorr    +         Harm     .   (no gloves)
MR       .....                  (no boots)
Stlth    +.........             p - amulet of faith
HPRegen  0.11/turn              (no ring)
MPRegen  0.09/turn              (no ring)

@: resistant, starving
A: negative energy resistance 1, electricity resistance, unbreathing,
petrification resistance, rot immunity, AC +4
a: Berserk, Trog's Hand, Burn Spellbooks, Renounce Religion


You were on level 4 of the Dungeon.
You worshipped Trog.
Trog was most pleased with you.
You were starving.

You visited 1 branch of the dungeon, and saw 5 of its levels.

You collected 170 gold pieces.

Inventory:

Hand Weapons
 a - a +0 hand axe (weapon)
Armour
 b - a +2 animal skin (worn)
Jewellery
 p - an amulet of faith (around neck)
Wands
 h - a wand of polymorph (11)
 n - a wand of clouds (1)
Scrolls
 e - a scroll of magic mapping
 f - 4 scrolls of identify
 g - 2 scrolls of teleportation
Potions
 d - a potion of resistance
 l - a potion of brilliance
Comestibles
 c - 8 rations


   Skills:
 + Level 4.1 Fighting
 + Level 4.3 Axes
 + Level 2.2 Armour
 + Level 2.5 Dodging
 + Level 1.1 Stealth


You had 4 spell levels left.
You didn't know any spells.

Dungeon Overview and Level Annotations

Branches:
Dungeon (5/15)
 Temple: D:4-7

Altars:
Dithmenos
Nemelex Xobeh
Wu Jian

Shops:
D:4 =[


Innate Abilities, Weirdness & Mutations

You are resistant to torment.
Your stone body is resilient. (AC +4)
You are immune to poison.
You resist negative energy. (rN+)
You are resistant to electric shocks. (rElec)
You can survive without breathing.
You are immune to petrification.
You are immune to rotting.


Message History

The orc throws a stone.
The stone closely misses you.
The stone barely misses the worker ant.
Unknown command.
You closely miss the orc wizard.
The orc wizard is lightly wounded.
You closely miss the worker ant.
The orc wizard hits you but does no damage.
The worker ant bites you but does no damage.
Unknown command.
You barely miss the orc wizard.
The orc wizard is lightly wounded.
You hit the worker ant. The worker ant barely misses you.
The orc wizard hits you but does no damage.
The orc throws a stone.
The stone misses you.
The stone hits the worker ant but does no damage.
The worker ant misses you. The orc wizard barely misses you.
You hit the orc wizard.
The orc wizard is lightly wounded.
You hit the worker ant. The worker ant bites you.
You die...

....#....###'####
######'##....'......#
.............#......#
.............##################+#
.................................
.................................
.................................
#+#######.......o.(..............
#....o.(@a.(.............
#....###'#####'###.......
#....#..... .....#.......
.......#...........#..(....
........#....########.......
.........#....# ........∩..
.........#....# ............
#####....'....# ............
............


You could see a worker ant, an orc wizard and an orc.

Vanquished Creatures
  A hound (D:4)
  Terence (D:3)
  4 adders
  An ooze (D:2)
  A worm (D:4)
  3 dart slugs (D:1)
  2 leopard geckos
  An orc (D:4)
  8 bats
  5 giant cockroaches
  6 goblins
  5 hobgoblins
  10 jackals
  5 quokkas (D:2)
  A ball python (D:3)
  4 frilled lizards
  2 kobolds (D:3)
  12 rats
72 creatures vanquished.

Notes
Turn   | Place    | Note
-------+----------+-------------------------------------------
     0 | D:1      | Fang the Gargoyle Berserker began the quest for the Orb.
     0 | D:1      | Reached XP level 1. HP: 14/14 MP: 1/1
    98 | D:1      | Reached XP level 2. HP: 8/19 MP: 2/2
   757 | D:1      | Reached XP level 3. HP: 22/24 MP: 3/3
  1069 | D:1      | You fall through a shaft!
  1130 | D:2      | Reached ** piety under Trog
  1167 | D:2      | Reached XP level 4. HP: 20/29 MP: 4/4
  1274 | D:2      | Found a shadowy altar of Dithmenos.
  1491 | D:2      | Found an ornate altar of the Wu Jian Council.
  2150 | D:2      | Found a sparkling altar of Nemelex Xobeh.
  2615 | D:3      | Noticed Terence
  2631 | D:3      | Killed Terence
  2631 | D:3      | Reached skill level 1 in Stealth
  2631 | D:3      | Reached XP level 5. HP: 33/33 MP: 5/5
  3110 | D:4      | Found Zarot's Antique Armour Boutique.
  3125 | D:4      | Found Pudi's Jewellery Emporium.
  3157 | D:4      | Reached *** piety under Trog
  3158 | D:4      | Noticed a phantom
  3241 | D:5      | Entered Level 5 of the Dungeon
  3387 | D:4      | HP: 1/33 [worker ant (4)]
  3392 | D:4      | Slain by a worker ant

Skill      XL: |  1  2  3  4 |
---------------+-------------+-----
Axes           | 3 4 |  4.3
Dodging        | 2 |  2.5
Fighting       | 4 |  4.1
Stealth        | 1 |  1.1
Armour         | |  2.2

Action                   |  1- 3 |  4- 6 || total
-------------------------+-------+-------++-------
Melee: Hand axe          |    98 |   224 ||   322
Invok: Berserk           |       |     2 ||     2
  Use: Scroll            |       |    11 ||    11
       Potion            |       |     1 ||     1
 Stab: Sleeping          |       |     2 ||     2
  Eat: Chunk             |       |     8 ||     8
Armor: Animal skin       |    26 |   108 ||   134
Dodge: Dodged            |    92 |   191 ||   283
